[Event "Early Titled Tuesday Blitz | February 8 2022"]
[White "Shtyka, Sergey"]
[Black "Niyazgulova, Marina"]
[WhiteFideId "4138465"]
[BlackFideId "24142573"]
[WhiteElo "2014"]
[BlackElo "2075"]
[Result "1-0"]
[Round "05"]
[TimeControl "180+1"]
[Date "2022.02.08"]
[WhiteClock "0:00:25"]
[BlackClock "0:00:09"]

1. e4 d5 2. exd5 Qxd5 3. Nc3 Qd6 4. Nf3 Nf6 5. d4 c6 6. g3 Bg4 7. Bg2 e6 8. Bf4 Qb4 9. O-O Nbd7 10. Qd2 Be7 11. Ne5 Bf5 12. a3 Qb6 13. Nc4 Qd8 14. Nd6+ Bxd6 15. Bxd6 Nb6 16. Bc5 Nfd7 17. Qe2 Nxc5 18. dxc5 Nd5 19. Nxd5 cxd5 20. c4 O-O 21. cxd5 exd5 22. Rfd1 Be6 23. b4 a5 24. b5 Qc7 25. Rac1 Rfd8 26. Qe3 a4 27. h4 h6 28. Qd4 Ra5 29. Qb4 Raa8 30. Rd2 f6 31. Qd4 Ra5 32. Qb4 Raa8 33. c6 bxc6 34. Rxc6 Qd7 35. Qc5 Bf7 36. Rc7 Qf5 37. b6 Rab8 38. Qe7 Qg6 39. b7 Re8 40. Qxf7+ Qxf7 41. Bxd5 Qxd5 42. Rxd5 Red8 43. Rxd8+ Rxd8 44. Rc8 1-0


[Site "https://www.chess.com"]

[Event "Early Titled Tuesday Blitz | February 8 2022"]
[White "Shuvalov, Evgenij"]
[Black "Gombocz, Ferenc Jr."]
[WhiteFideId "4187237"]
[BlackFideId "775029"]
[WhiteElo "2119"]
[BlackElo "1913"]
[Result "1-0"]
[Round "05"]
[TimeControl "180+1"]
[Date "2022.02.08"]
[WhiteClock "0:00:17"]
[BlackClock "0:00:10"]

1. Nf3 d5 2. c4 d4 3. b4 Bg4 4. Ne5 Bf5 5. e3 f6 6. Bd3 Bxd3 7. Nxd3 e5 8. e4 a5 9. b5 Nd7 10. O-O Nc5 11. Nxc5 Bxc5 12. d3 Ne7 13. Qh5+ Ng6 14. f4 O-O 15. f5 Ne7 16. Nd2 Qe8 17. Qh4 g5 18. fxg6 Nxg6 19. Qh6 Nf4 20. Rf3 Kh8 21. Nb3 Ne6 22. Nxc5 Nxc5 23. Ba3 Nd7 24. Bxf8 Qxf8 25. Qh3 Qe7 26. Raf1 b6 27. Rg3 Rf8 28. Qh6 Rf7 29. Qh5 Rg7 30. Rxg7 Kxg7 31. Rf3 Qf7 32. Rg3+ Kf8 33. Qg4 Ke8 34. Kf2 Kd8 35. Qg8+ Qxg8 36. Rxg8+ Ke7 37. Rg7+ Ke6 38. Rxh7 Nc5 39. Ke2 Na4 40. a3 Nc3+ 41. Ke1 Kd6 42. h4 Nb1 43. h5 Nxa3 44. h6 Nc2+ 45. Kf2 Ne3 46. Rg7 a4 47. h7 a3 48. h8=Q a2 49. Qf8+ 1-0


[Site "https://www.chess.com"]

[Event "Early Titled Tuesday Blitz | February 8 2022"]
[White "Sliwicki, Damian"]
[Black "Johnson, Ben"]
[WhiteFideId "1127128"]
[BlackFideId "2010917"]
[WhiteElo "2084"]
[BlackElo "2161"]
[Result "1-0"]
[Round "05"]
[TimeControl "180+1"]
[Date "2022.02.08"]
[WhiteClock "0:00:11"]
[BlackClock "0:01:11"]

1. e4 c5 2. Nf3 Nc6 3. Bb5 g6 4. Bxc6 bxc6 5. O-O Bg7 6. d3 Qc7 7. h3 Nf6 8. Nc3 O-O 9. Re1 d6 10. e5 Nd5 11. exd6 exd6 12. Nxd5 cxd5 13. Bg5 Be6 14. c3 a5 15. d4 a4 16. Qd2 Qb6 17. Bh6 Rfb8 18. Bxg7 Kxg7 19. Rab1 h6 20. Qf4 Qc7 21. dxc5 Qxc5 22. Nd4 Re8 23. Re3 Bd7 24. Rbe1 Rxe3 25. Rxe3 Re8 26. Rf3 Re7 27. Qf6+ 1-0


[Site "https://www.chess.com"]

[Event "Early Titled Tuesday Blitz | February 8 2022"]
[White "Sovetbekova, Nurai"]
[Black "Mejia, Cherry Ann"]
[WhiteFideId "13801910"]
[BlackFideId "5206880"]
[WhiteElo "1545"]
[BlackElo "2007"]
[Result "1/2-1/2"]
[Round "05"]
[TimeControl "180+1"]
[Date "2022.02.08"]
[WhiteClock "0:00:02"]
[BlackClock "0:00:03"]

1. d4 d5 2. c4 dxc4 3. Nf3 Nf6 4. e3 e6 5. Bxc4 a6 6. a4 c5 7. O-O Nc6 8. dxc5 Qxd1 9. Rxd1 Bxc5 10. Nc3 O-O 11. e4 b6 12. Bg5 Ng4 13. Bh4 Nge5 14. Nxe5 Nxe5 15. Be2 Bb7 16. Rac1 Rac8 17. h3 h6 18. Bg3 Ng6 19. Bd6 Rfd8 20. Bxc5 bxc5 21. f3 Rd4 22. b3 Rcd8 23. Kf2 Ne7 24. Nb1 Rxd1 25. Rxd1 Rxd1 26. Bxd1 Nc6 27. Ke3 e5 28. Na3 Bc8 29. Nc4 Be6 30. Kd3 f6 31. Be2 Nd4 32. Bd1 Kf8 33. Kc3 Ke7 34. Nb2 Kd6 35. Nd3 g6 36. h4 f5 37. g3 fxe4 38. fxe4 Bd7 39. Nb2 Bc6 40. Nc4+ Ke6 41. Bg4+ Kf6 42. Bc8 Bxe4 43. Bxa6 Ne2+ 44. Kd2 Nxg3 45. Ke3 Bd5 46. Nd2 Nf5+ 47. Kf2 Nd4 48. Bc4 Bxc4 49. bxc4 Kf5 50. a5 Nc6 51. a6 e4 52. Ke3 g5 53. hxg5 hxg5 54. Nxe4 g4 55. Nxc5 Ke5 56. Ne4 Ke6 57. Kf4 Kd7 58. Kxg4 Kc7 59. Nc5 Kb6 60. Nd7+ Kxa6 61. Kf5 Kb7 62. Ke6 Na5 63. Kd5 Nb3 1/2-1/2


[Site "https://www.chess.com"]

[Event "Early Titled Tuesday Blitz | February 8 2022"]
[White "Srebrnic, Marko"]
[Black "Petesch, Gabriel"]
[WhiteFideId "14603616"]
[BlackFideId "2032465"]
[WhiteElo "2340"]
[BlackElo "2374"]
[Result "1-0"]
[Round "05"]
[TimeControl "180+1"]
[Date "2022.02.08"]
[WhiteClock "0:00:18"]
[BlackClock "0:00:02"]

1. e4 d6 2. d4 e5 3. Nf3 exd4 4. Nxd4 Nf6 5. f3 g6 6. b3 Bg7 7. Bb2 O-O 8. Be2 a6 9. O-O c5 10. Nf5 gxf5 11. Nd2 Nc6 12. Nc4 d5 13. exd5 Qxd5 14. Nb6 Qxd1 15. Raxd1 Rb8 16. Bc4 Rd8 17. Rxd8+ Nxd8 18. Be5 Nd5 19. Bxb8 Nxb6 20. Bd3 Bd4+ 21. Kh1 Nc6 22. Bf4 Nd5 23. Bh6 Be6 24. Re1 Bc3 25. Rd1 Nd4 26. Bc4 b5 27. Bd3 f6 28. a4 Kf7 29. axb5 axb5 30. Bd2 Bxd2 31. Rxd2 Nc3 32. Bf1 Ke7 33. Rd3 b4 34. Re3 Kd6 35. Bd3 f4 36. Re1 f5 37. Ra1 Bd7 38. Ra7 Nc6 39. Ra8 Nd5 40. Rh8 Ne3 41. Rxh7 Nd4 42. Rh6+ Be6 43. h4 Nexc2 44. Rh8 Ne3 45. h5 Nxb3 46. h6 Nd5 47. Rf8 c4 48. Bxc4 1-0


[Site "https://www.chess.com"]

[Event "Early Titled Tuesday Blitz | February 8 2022"]
[White "Srihari L R"]
[Black "Chernomordik, Pavel"]
[WhiteFideId "46617116"]
[BlackFideId "2804530"]
[WhiteElo "2121"]
[BlackElo "2249"]
[Result "1-0"]
[Round "05"]
[TimeControl "180+1"]
[Date "2022.02.08"]
[WhiteClock "0:00:47"]
[BlackClock "0:00:52"]

1. c4 g6 2. Nc3 Bg7 3. g3 e5 4. Bg2 Nc6 5. e3 d6 6. Nge2 Be6 7. d3 Qd7 8. Nd5 Nd8 9. d4 c6 10. dxe5 cxd5 11. cxd5 Bh3 12. e6 Bxe6 13. dxe6 fxe6 14. O-O Ne7 15. e4 O-O 16. Bf4 d5 17. exd5 Nxd5 18. Qd2 Nc6 19. Bh6 Rad8 20. Bg5 Rde8 21. Rad1 Qf7 22. Nf4 h6 23. Nxd5 hxg5 24. Ne3 Nd4 25. Ng4 Qf5 26. h3 e5 27. Qe3 b6 28. Be4 Qe6 29. Qxg5 Rf5 30. Qe3 Qxa2 31. Bxf5 Nxf5 32. Qe2 Nd4 33. Rxd4 Qf7 34. Re4 Qf5 35. Re1 Kh7 36. Kg2 Qd7 37. Nxe5 Qb7 38. Nf3 Rf8 39. Rh4+ Kg8 40. Qe6+ 1-0


[Site "https://www.chess.com"]

[Event "Early Titled Tuesday Blitz | February 8 2022"]
[White "Stanisz, Patryk"]
[Black "Kovanova, Baira"]
[WhiteFideId "1123106"]
[BlackFideId "4164083"]
[WhiteElo "1876"]
[BlackElo "2190"]
[Result "0-1"]
[Round "05"]
[TimeControl "180+1"]
[Date "2022.02.08"]
[WhiteClock "0:00:39"]
[BlackClock "0:00:09"]

1. Nf3 d5 2. g3 Nc6 3. Bg2 e5 4. c4 d4 5. d3 Nf6 6. O-O a5 7. e3 Bg4 8. e4 Be7 9. b3 O-O 10. Ba3 Bxa3 11. Nxa3 Qd7 12. Nc2 Nh5 13. a3 f5 14. Qe1 f4 15. b4 axb4 16. axb4 Rxa1 17. Qxa1 Bh3 18. b5 Bxg2 19. Kxg2 Ne7 20. h3 Qe6 21. Nb4 fxg3 22. fxg3 Qg6 23. Nh4 Qxg3+ 24. Kh1 Qxh3+ 25. Kg1 Qxh4 26. Rxf8+ Kxf8 27. Qf1+ Kg8 28. Qf3 Nf4 29. Nd5 Nexd5 30. exd5 Qe1+ 31. Kh2 Qd2+ 32. Kg3 Qxd3 33. c5 Qg6+ 34. Kf2 Qc2+ 35. Kg3 Qxc5 36. Qg4 h6 37. Qc8+ Qf8 38. Qd7 Qd6 39. Qe8+ Kh7 40. Qf7 Qxd5 41. Qf5+ g6 42. Qf6 Qg2+ 43. Kh4 g5+ 44. Qxg5 hxg5# 0-1


[Site "https://www.chess.com"]

[Event "Early Titled Tuesday Blitz | February 8 2022"]
[White "Stefanov, Plamen"]
[Black "Praslov, Andrey"]
[WhiteFideId "2900980"]
[BlackFideId "4147863"]
[WhiteElo "2137"]
[BlackElo "2370"]
[Result "1-0"]
[Round "05"]
[TimeControl "180+1"]
[Date "2022.02.08"]
[WhiteClock "0:01:22"]
[BlackClock "0:00:28"]

1. e4 c5 2. Nf3 Nc6 3. Bb5 g6 4. Bxc6 bxc6 5. h3 Bg7 6. O-O e5 7. Re1 d6 8. c3 Ne7 9. d4 cxd4 10. cxd4 O-O 11. dxe5 dxe5 12. Qxd8 Rxd8 13. Bg5 Kf8 14. Nc3 h6 15. Be3 Be6 16. Bc5 Ke8 17. Rad1 Nc8 18. Rxd8+ Kxd8 19. Rd1+ Kc7 20. b3 Kb7 21. Rd8 Nb6 22. Rxa8 Kxa8 23. Bd6 Nd7 24. Na4 Kb7 25. Nc5+ Nxc5 26. Bxc5 f6 27. Nd2 h5 28. f3 Bh6 29. Nc4 a6 30. Nd6+ Kb8 31. Ne8 Bg5 32. Be7 Be3+ 33. Kf1 f5 34. Bd6+ Kc8 35. Bxe5 fxe4 36. Nd6+ Kd7 37. Nxe4 Bf5 38. Ke2 Bb6 39. g4 hxg4 40. hxg4 Be6 41. Kd3 Ke7 42. Bd4 Bc7 43. Nc5 Bd5 44. Nxa6 Bxf3 45. Nxc7 Bxg4 46. Be5 1-0


[Site "https://www.chess.com"]

[Event "Early Titled Tuesday Blitz | February 8 2022"]
[White "Svane, Frederik"]
[Black "Grandelius, Nils"]
[WhiteFideId "12923044"]
[BlackFideId "1710400"]
[WhiteElo "2459"]
[BlackElo "2617"]
[Result "0-1"]
[Round "05"]
[TimeControl "180+1"]
[Date "2022.02.08"]
[WhiteClock "0:00:02"]
[BlackClock "0:00:41"]

1. e4 c5 2. Nf3 e6 3. d4 cxd4 4. Nxd4 a6 5. Nc3 b5 6. Bd3 Qb6 7. Nf3 Qc7 8. O-O Bb7 9. Re1 Be7 10. e5 f5 11. Nh4 g6 12. Nxf5 exf5 13. Bf1 b4 14. Nd5 Bxd5 15. Qxd5 Qc6 16. Qb3 a5 17. Bc4 a4 18. Qd3 Ra5 19. Bf4 Na6 20. Rad1 Nc5 21. Qg3 Ne4 22. Qd3 Bc5 23. Bd5 Qxd5 24. Qxd5 Bxf2+ 25. Kf1 Rxd5 26. Rxd5 Bxe1 27. Kxe1 Ne7 28. Rb5 Nc6 29. e6 Ke7 30. exd7 Rd8 31. h4 Rxd7 32. Rb6 Nd4 33. Kf1 Nxc2 34. g4 fxg4 0-1


[Site "https://www.chess.com"]

[Event "Early Titled Tuesday Blitz | February 8 2022"]
[White "Sviridov, Valery"]
[Black "Gelman, Alexander"]
[WhiteFideId "4120680"]
[BlackFideId "4118316"]
[WhiteElo "2454"]
[BlackElo "2375"]
[Result "1-0"]
[Round "05"]
[TimeControl "180+1"]
[Date "2022.02.08"]
[WhiteClock "0:01:00"]
[BlackClock "0:00:02"]

1. d4 Nf6 2. Nf3 c5 3. c3 b6 4. Bf4 Bb7 5. e3 d6 6. h3 Nbd7 7. Nbd2 h6 8. Bh2 a6 9. a4 g5 10. Bd3 Rg8 11. Qe2 h5 12. e4 g4 13. hxg4 hxg4 14. Nh4 cxd4 15. cxd4 e6 16. O-O-O b5 17. Kb1 Qb6 18. d5 Nc5 19. dxe6 fxe6 20. e5 Nxd3 21. exf6 Nc5 22. Nb3 O-O-O 23. Nxc5 dxc5 24. Rxd8+ Kxd8 25. Rd1+ Kc8 26. Qe5 Bd5 27. Nf5 Rg5 28. Ne7+ Bxe7 29. fxe7 Kd7 30. Qxg5 1-0


[Site "https://www.chess.com"]

[Event "Early Titled Tuesday Blitz | February 8 2022"]
[White "Szpar, Milosz"]
[Black "Onyshchuk, Volodymyr"]
[WhiteFideId "1184989"]
[BlackFideId "14114038"]
[WhiteElo "2447"]
[BlackElo "2642"]
[Result "0-1"]
[Round "05"]
[TimeControl "180+1"]
[Date "2022.02.08"]
[WhiteClock "0:00:16"]
[BlackClock "0:01:24"]

1. e4 g6 2. d4 Bg7 3. Nf3 d6 4. Bc4 e6 5. Bb3 Ne7 6. O-O O-O 7. Re1 h6 8. c3 b6 9. Nbd2 Bb7 10. Nf1 Nd7 11. Ng3 a6 12. Be3 b5 13. Qd2 Kh7 14. Rad1 Nb6 15. Qe2 Qd7 16. e5 Rae8 17. h4 Nf5 18. h5 g5 19. Bc2 Kh8 20. Bc1 Nxg3 21. fxg3 f5 22. exf6 Bxf6 23. Bg6 Re7 24. Rf1 Nd5 25. Bb1 Qe8 26. Nh2 e5 27. dxe5 Bxe5 28. Rxf8+ Qxf8 29. Rf1 Qg7 30. Qd3 Nf6 31. Nf3 Be4 32. Nxe5 Bxd3 33. Nxd3 Nxh5 34. Kh2 c5 35. Nf2 Nf6 36. g4 Re2 37. Bd3 Rxf2 0-1


[Site "https://www.chess.com"]

[Event "Early Titled Tuesday Blitz | February 8 2022"]
[White "Tarasova, Viktoriya"]
[Black "Dew, Brian"]
[WhiteFideId "4175840"]
[BlackFideId "6000495"]
[WhiteElo "2182"]
[BlackElo "2118"]
[Result "1-0"]
[Round "05"]
[TimeControl "180+1"]
[Date "2022.02.08"]
[WhiteClock "0:00:50"]
[BlackClock "0:00:09"]

1. d4 b6 2. e4 Bb7 3. Bd3 g6 4. c3 Bg7 5. Ne2 e6 6. O-O Ne7 7. Be3 h6 8. Qd2 d6 9. a4 a6 10. Na3 Nd7 11. b4 c6 12. Rab1 Qc7 13. c4 c5 14. bxc5 bxc5 15. d5 e5 16. Rb3 Bc8 17. g3 Nf6 18. f4 exf4 19. gxf4 Ng4 20. f5 Nxe3 21. Qxe3 gxf5 22. exf5 Be5 23. f6 Rg8+ 24. Kh1 Ng6 25. Rg1 Qd8 26. Rf1 Kd7 27. Bf5+ Kc7 28. Bd3 Bd7 29. Qd2 Qc8 30. Qa5# 1-0


[Site "https://www.chess.com"]

[Event "Early Titled Tuesday Blitz | February 8 2022"]
[White "Tarhan, Adar"]
[Black "Gurevich, Dmitry"]
[WhiteFideId "34544712"]
[BlackFideId "2000407"]
[WhiteElo "1802"]
[BlackElo "2506"]
[Result "1-0"]
[Round "05"]
[TimeControl "180+1"]
[Date "2022.02.08"]
[WhiteClock "0:00:09"]
[BlackClock "0:00:01"]

1. e4 c5 2. Nf3 d6 3. d4 cxd4 4. Nxd4 Nf6 5. Nc3 Nc6 6. Bg5 g6 7. Bxf6 exf6 8. Bc4 Bg7 9. Ndb5 O-O 10. Qxd6 Qa5 11. Qc7 a6 12. Qxa5 Nxa5 13. Nd6 Nxc4 14. Nxc4 Be6 15. Ne3 Rac8 16. O-O-O Bh6 17. Nd5 Kg7 18. Kb1 Rc5 19. c3 Re8 20. Rhe1 f5 21. b4 Rc6 22. exf5 gxf5 23. f4 Rd6 24. g3 Kg6 25. c4 Bg7 26. Kc2 Rc8 27. Kb3 b5 28. c5 Rdd8 29. Ka3 a5 30. Ne7+ Kf6 31. Nxc8 Rxc8 32. bxa5 Bf8 33. Kb4 Rxc5 34. a6 Rc2+ 35. Ka5 Rxa2+ 36. Kb6 b4 37. Nd5+ Kg7 38. Nc7 b3 39. Nxe6+ fxe6 40. Rxe6 b2 41. Rb1 1-0


[Site "https://www.chess.com"]

[Event "Early Titled Tuesday Blitz | February 8 2022"]
[White "Tay, Junior"]
[Black "Komiagina, Maria"]
[WhiteFideId "5800439"]
[BlackFideId "4153987"]
[WhiteElo "2216"]
[BlackElo "1945"]
[Result "1-0"]
[Round "05"]
[TimeControl "180+1"]
[Date "2022.02.08"]
[WhiteClock "0:01:45"]
[BlackClock "0:00:08"]

1. Nc3 Nf6 2. e4 d6 3. f4 g6 4. Nf3 Bg7 5. Bc4 e6 6. d3 O-O 7. O-O d5 8. Bb3 d4 9. Ne2 c5 10. Qe1 Qc7 11. Qh4 h6 12. f5 g5 13. Nxg5 hxg5 14. Bxg5 Qe7 15. Nf4 exf5 16. Nd5 Nxd5 17. Bxe7 Nxe7 18. Qxe7 Nc6 19. Qg5 fxe4 20. dxe4 Ne5 21. Bd5 Rb8 22. Rf4 Be6 23. Bxe6 fxe6 24. Raf1 Rxf4 25. Rxf4 Re8 26. h4 Kh7 27. h5 c4 28. Rf6 Nd7 29. Qg6+ Kh8 30. Rf7 1-0


[Site "https://www.chess.com"]

[Event "Early Titled Tuesday Blitz | February 8 2022"]
[White "Ter-Sahakyan, Samvel"]
[Black "Caruana, Fabiano"]
[WhiteFideId "13302531"]
[BlackFideId "2020009"]
[WhiteElo "2592"]
[BlackElo "2744"]
[Result "0-1"]
[Round "05"]
[TimeControl "180+1"]
[Date "2022.02.08"]
[WhiteClock "0:00:01"]
[BlackClock "0:00:07"]

1. d4 e6 2. e4 d5 3. e5 c5 4. c3 Nc6 5. Nf3 Bd7 6. Be2 Nge7 7. O-O Ng6 8. Re1 Be7 9. Bd3 O-O 10. Be3 Qb6 11. Qd2 Rac8 12. dxc5 Bxc5 13. Bxc5 Qxc5 14. h4 h6 15. Na3 f5 16. Nc2 Qe7 17. g3 Nh8 18. Ncd4 Nf7 19. Kg2 a6 20. Re2 g6 21. h5 Ng5 22. hxg6 Be8 23. Rh1 Nxd4 24. cxd4 Kg7 25. Nxg5 Qxg5 26. Qxg5 hxg5 27. Rh7+ Kxg6 28. Rxb7 a5 29. Rb6 Kf7 30. Rc2 Rxc2 31. Bxc2 g4 32. Ra6 Bb5 33. Rxa5 Be2 34. Ra7+ Kg6 35. Re7 Rh8 36. Rxe6+ Kg5 37. f4+ gxf3+ 38. Kf2 Rh2+ 39. Ke3 Bc4 40. Bd3 Bxd3 41. Kxd3 Rxb2 42. Rc6 Kg4 43. e6 Kxg3 44. e7 Re2 45. Rg6+ Kf4 46. Rg7 Re4 0-1


[Site "https://www.chess.com"]

[Event "Early Titled Tuesday Blitz | February 8 2022"]
[White "Terletsky, Oleg"]
[Black "Sokolovsky, Yahli"]
[WhiteFideId "14116774"]
[BlackFideId "2820242"]
[WhiteElo "2050"]
[BlackElo "1770"]
[Result "1-0"]
[Round "05"]
[TimeControl "180+1"]
[Date "2022.02.08"]
[WhiteClock "0:00:11"]
[BlackClock "0:00:02"]

1. e4 g6 2. d4 Bg7 3. Nc3 d6 4. Bf4 a6 5. h4 h6 6. Qd2 b5 7. O-O-O Bb7 8. f3 Nd7 9. Nh3 Rc8 10. Kb1 c5 11. dxc5 Nxc5 12. Nd5 Na4 13. c3 Bxd5 14. exd5 Qa5 15. Rc1 Nf6 16. Nf2 Nh5 17. Bh2 O-O 18. g4 Nf6 19. g5 hxg5 20. hxg5 Nh5 21. Ne4 b4 22. cxb4 Rxc1+ 23. Kxc1 Rc8+ 24. Kb1 Qb6 25. Bh3 Rb8 26. a3 Bxb2 27. Bg1 Qb7 28. Bf1 1-0


[Site "https://www.chess.com"]

[Event "Early Titled Tuesday Blitz | February 8 2022"]
[White "Timofeev, Artyom"]
[Black "Golubka, Petro"]
[WhiteFideId "4140419"]
[BlackFideId "14114224"]
[WhiteElo "2583"]
[BlackElo "2392"]
[Result "1-0"]
[Round "05"]
[TimeControl "180+1"]
[Date "2022.02.08"]
[WhiteClock "0:02:22"]
[BlackClock "0:01:39"]

1. d4 Nf6 2. Nf3 e6 3. Bg5 Be7 4. e3 d5 5. c4 Nbd7 6. Nc3 c6 7. Rc1 h6 8. Bh4 a6 9. Be2 dxc4 10. Bxc4 b5 11. Be2 Bb7 12. O-O c5 13. Qc2 cxd4 14. Nxd4 Qb6 15. Rfd1 O-O-O 1-0


[Site "https://www.chess.com"]

[Event "Early Titled Tuesday Blitz | February 8 2022"]
[White "Tologon tegin, Semetei"]
[Black "Bocharov, Dmitry"]
[WhiteFideId "13800574"]
[BlackFideId "4138716"]
[WhiteElo "2258"]
[BlackElo "2541"]
[Result "0-1"]
[Round "05"]
[TimeControl "180+1"]
[Date "2022.02.08"]
[WhiteClock "0:00:11"]
[BlackClock "0:00:24"]

1. e4 c5 2. Nc3 d6 3. f4 g6 4. Nf3 Bg7 5. Bc4 e6 6. O-O Ne7 7. d3 Nbc6 8. Qe1 O-O 9. f5 gxf5 10. Bg5 f6 11. Bd2 Kh8 12. Qh4 fxe4 13. dxe4 Ng6 14. Qh5 Nce5 15. Be2 Bd7 16. Rad1 Bc6 17. Be3 Qe7 18. g4 Rg8 19. g5 Raf8 20. Kh1 f5 21. Nxe5 Bxe5 22. Bf3 Bf4 23. Bxf4 Nxf4 24. Qh4 Qxg5 25. Qxg5 Rxg5 26. exf5 Rfxf5 27. Bxc6 bxc6 28. Rxd6 Nh3 29. Rdd1 Nf2+ 30. Rxf2 Rxf2 31. Ne4 Rgg2 32. Nxf2 Rxf2 33. Rd8+ Kg7 34. Rd6 Kf6 35. Rxc6 Rxc2 36. Ra6 Rxb2 37. Rxa7 Ke5 38. Rxh7 Rxa2 39. Rh3 c4 40. Re3+ Kd5 41. h4 e5 42. h5 Kd4 43. Re1 c3 44. h6 Ra6 45. Kg2 Rxh6 46. Kf3 Rh3+ 47. Ke2 Re3+ 48. Kd1 Rxe1+ 49. Kc2 Re2+ 0-1


[Site "https://www.chess.com"]

[Event "Early Titled Tuesday Blitz | February 8 2022"]
[White "Toncheva, Nadya"]
[Black "Bashirli, Saadat"]
[WhiteFideId "2924056"]
[BlackFideId "13429990"]
[WhiteElo "1920"]
[BlackElo "1173"]
[Result "1-0"]
[Round "05"]
[TimeControl "180+1"]
[Date "2022.02.08"]
[WhiteClock "0:01:01"]
[BlackClock "0:00:33"]

1. e4 c5 2. Nf3 g6 3. c3 Nf6 4. e5 Nd5 5. Bc4 Nb6 6. Bxf7+ Kxf7 7. Ng5+ Kg8 8. Qf3 Qe8 9. h4 Bg7 10. d4 cxd4 11. cxd4 Nc6 12. Be3 Nc4 13. Qd5+ e6 14. Qxc4 h6 15. Ne4 Qe7 16. Nbc3 Kh7 17. h5 g5 18. Nd6 Rf8 19. O-O-O a6 20. Kb1 b5 21. Qd3+ Kg8 22. Nce4 Rb8 23. Nc5 Nb4 24. Qe4 Nd5 25. Bc1 a5 26. Rdf1 b4 27. f4 gxf4 28. Bxf4 Nxf4 29. Rxf4 Rxf4 30. Qxf4 Kh7 31. Rf1 Rb6 32. Qe4+ Kg8 33. Nxc8 Qd8 34. Nxb6 Qxb6 35. Qa8+ Kh7 36. Qe8 Qc6 37. Qg6+ Kh8 38. Rf7 1-0


[Site "https://www.chess.com"]

[Event "Early Titled Tuesday Blitz | February 8 2022"]
[White "Tuleyeva-Aketayeva, Dana"]
[Black "Kujawski, Adam"]
[WhiteFideId "13701932"]
[BlackFideId "1100920"]
[WhiteElo "1944"]
[BlackElo "2053"]
[Result "0-1"]
[Round "05"]
[TimeControl "180+1"]
[Date "2022.02.08"]
[WhiteClock "0:00:20"]
[BlackClock "0:00:13"]

1. d4 Nf6 2. Nf3 c5 3. c3 d5 4. g3 Nc6 5. Bg2 e6 6. O-O Be7 7. Nbd2 O-O 8. Re1 b6 9. e4 dxe4 10. Nxe4 Nxe4 11. Rxe4 Bb7 12. Re1 Qd7 13. Ne5 Nxe5 14. dxe5 Qxd1 15. Rxd1 Bxg2 16. Kxg2 Rfd8 17. Be3 Kf8 18. Kf3 Rxd1 19. Rxd1 Rd8 20. Rxd8+ Bxd8 21. c4 Ke8 22. Ke4 Kd7 23. f4 Kc6 24. g4 a6 25. f5 g6 26. Bf2 Bg5 27. h4 Bc1 28. b3 b5 29. h5 Bd2 30. cxb5+ Kxb5 31. hxg6 hxg6 32. fxg6 fxg6 33. Be3 Bxe3 34. Kxe3 g5 35. a3 c4 36. b4 Ka4 37. Kd4 Kb3 38. a4 Kxb4 39. a5 Kxa5 40. Kxc4 Kb6 41. Kb4 a5+ 42. Ka4 Ka6 43. Kb3 Kb5 44. Ka3 Kc5 45. Ka4 Kd5 46. Kxa5 Kxe5 47. Kb4 Kf4 48. Kc3 e5 49. Kd3 e4+ 50. Ke2 e3 51. Kd3 Kf3 0-1


[Site "https://www.chess.com"]

[Event "Early Titled Tuesday Blitz | February 8 2022"]
[White "Tymrakiewicz, Rafal"]
[Black "Atakhan, Abtin"]
[WhiteFideId "1108832"]
[BlackFideId "22502203"]
[WhiteElo "2205"]
[BlackElo "2119"]
[Result "0-1"]
[Round "05"]
[TimeControl "180+1"]
[Date "2022.02.08"]
[WhiteClock "0:00:05"]
[BlackClock "0:00:02"]

1. e4 c6 2. d4 d5 3. exd5 cxd5 4. c4 Nf6 5. Nc3 Nc6 6. Bg5 Be6 7. Nf3 g6 8. Bxf6 exf6 9. c5 Bg7 10. Be2 O-O 11. O-O a6 12. a3 f5 13. Qd2 h6 14. Rfe1 g5 15. Bf1 Qc7 16. b4 g4 17. Ne5 Nxe5 18. dxe5 Bxe5 19. Rad1 Rad8 20. Ne2 Bxh2+ 21. Kh1 Be5 22. Nd4 f4 23. Qe2 Bxd4 24. Rxd4 Rfe8 25. Qd2 Bf5 26. Rd1 Be4 27. Bd3 Rc8 28. Bxe4 dxe4 29. Rd7 Qe5 30. Rd5 Qf6 31. Rd6 Qh4+ 32. Kg1 g3 33. fxg3 fxg3 34. Rxh6 Qg4 35. Rf1 e3 36. Qd5 Qg7 37. Rhf6 e2 38. Rxf7 exf1=Q+ 39. Rxf1+ Kh8 40. Qh5+ Qh7 41. Qf5 Qh2# 0-1


[Site "https://www.chess.com"]

[Event "Early Titled Tuesday Blitz | February 8 2022"]
[White "Urazayev, Arystanbek"]
[Black "Volkov, Maksim"]
[WhiteFideId "13709810"]
[BlackFideId "54123070"]
[WhiteElo "2321"]
[BlackElo "2081"]
[Result "1-0"]
[Round "05"]
[TimeControl "180+1"]
[Date "2022.02.08"]
[WhiteClock "0:00:23"]
[BlackClock "0:00:07"]

1. e4 c5 2. Nf3 d6 3. d4 cxd4 4. Nxd4 Nf6 5. Nc3 a6 6. Rg1 e5 7. Nb3 Be7 8. g4 h6 9. h4 Nc6 10. g5 hxg5 11. hxg5 Nh5 12. g6 f5 13. Bc4 Nf6 14. Bg5 fxe4 15. Bxf6 Bxf6 16. Nxe4 Be7 17. Bf7+ Kd7 18. Qd2 Kc7 19. O-O-O Bf5 20. Nc3 Rc8 21. Nd5+ Kb8 22. c3 Bh4 23. Qe3 Rh5 24. Qf3 Bg5+ 25. Ne3 Bxe3+ 26. fxe3 Qh8 27. e4 Bd7 28. Rxd6 Rh3 29. Qd1 Be8 30. Be6 Qh6+ 31. Qd2 Rd8 32. Bxh3 Rxd6 33. Qxh6 gxh6 34. g7 Bf7 35. Rf1 Bg8 36. Rf8+ Rd8 37. Nc5 Kc7 38. Be6 Bxe6 39. Nxe6+ 1-0


[Site "https://www.chess.com"]

[Event "Early Titled Tuesday Blitz | February 8 2022"]
[White "Vaishali, Rameshbabu"]
[Black "Guseva, Marina"]
[WhiteFideId "5091756"]
[BlackFideId "4149351"]
[WhiteElo "2343"]
[BlackElo "2232"]
[Result "1-0"]
[Round "05"]
[TimeControl "180+1"]
[Date "2022.02.08"]
[WhiteClock "0:00:02"]
[BlackClock "0:00:02"]

1. d4 Nf6 2. c4 e6 3. Nc3 Bb4 4. a3 Bxc3+ 5. bxc3 c5 6. e3 O-O 7. Bd3 Nc6 8. Ne2 b6 9. e4 Ne8 10. O-O Ba6 11. f4 f5 12. exf5 exf5 13. dxc5 bxc5 14. Be3 d6 15. Ng3 g6 16. Re1 Nf6 17. Bf2 Qd7 18. Nf1 Na5 19. Ne3 Rab8 20. Bh4 Bb7 21. Qc2 Ne4 22. Nd5 Bxd5 23. cxd5 Nb3 24. Rab1 Nbd2 25. Rbd1 c4 26. Be2 Nb3 27. Bxc4 Nbc5 28. Rd4 Rfe8 29. h3 Rb6 30. Kh2 Reb8 31. Re2 Rb2 32. Qxb2 Rxb2 33. Rxb2 Qa4 34. Rb8+ Kg7 35. Bd3 Qxa3 36. Bxe4 fxe4 37. Rd8 Qxc3 38. Rd1 Qe3 39. Rxd6 Qxf4+ 40. Bg3 Qf5 41. Rc6 Nd7 42. d6 e3 43. Re1 Qe4 44. Rc3 1-0


[Site "https://www.chess.com"]

[Event "Early Titled Tuesday Blitz | February 8 2022"]
[White "Vakhlamov, Igor L."]
[Black "Deac, Bogdan-Daniel"]
[WhiteFideId "24126748"]
[BlackFideId "1226380"]
[WhiteElo "2401"]
[BlackElo "2646"]
[Result "0-1"]
[Round "05"]
[TimeControl "180+1"]
[Date "2022.02.08"]
[WhiteClock "0:00:15"]
[BlackClock "0:00:26"]

1. e4 c5 2. Nf3 Nc6 3. Nc3 e5 4. Bc4 Be7 5. d3 d6 6. O-O h6 7. h3 Nf6 8. a3 O-O 9. Nh2 Be6 10. f4 exf4 11. Bxf4 d5 12. exd5 Nxd5 13. Nxd5 Bxd5 14. Nf3 Bxc4 15. dxc4 Qb6 16. b3 Bf6 17. Rb1 Rad8 18. Qc1 Rfe8 19. Re1 Nd4 20. Nxd4 Bxd4+ 21. Kh1 Qf6 22. Rf1 Re2 23. Qd1 Qe6 24. Qd3 Re8 25. c3 Qc6 26. Qg3 Bxc3 27. Bxh6 Qxh6 28. Qxc3 R8e3 29. Qc1 Rxh3+ 30. Kg1 Rh1# 0-1


[Site "https://www.chess.com"]